 Dungeon Crawl Stone Soup version 0.20.1-1-g8b1a95d (webtiles) character file.

389 miragecloak the Cudgeler (level 7, -4/56 HPs)
             Began as a Formicid Abyssal Knight on July 7, 2017.
             Was a Believer of Lugonu.
             Slain by a sky beast (6 damage)
             ... on level 5 of the Dungeon.
             The game lasted 00:08:11 (6697 turns).

miragecloak the Cudgeler (Formicid Abyssal Knight)  Turns: 6697, Time: 00:08:12

Health: -4/56      AC:  4    Str: 16    XL:     7   Next: 7%
Magic:  8/8        EV: 11    Int: 12    God:    Lugonu [**....]
Gold:   317        SH:  0    Dex: 12    Spells: 6/6 levels left

rFire    . . .     SeeInvis +   v - +0 scimitar (slice)
rCold    . . .     Gourm    .   (no shield)
rNeg     . . .     Faith    .   b - +0 leather armour
rPois    .         Spirit   .   (helmet unavailable)
rElec    .         Reflect  .   w - +0 cloak
rCorr    +         Harm     .   (no gloves)
MR       .....                  (no boots)
Stlth    +.........             (no amulet)
Regen    0.2/turn               n - ring of resist corrosion
MPRegen  0.2/turn               (no ring)

@: no status effects
A: permanent stasis, dig shafts and tunnels, four strong arms, antennae 3
a: Dig, Shaft Self, Depart the Abyss, Bend Space, Renounce Religion


You were on level 5 of the Dungeon.
You worshipped Lugonu.
Lugonu was pleased with you.
You were not hungry.

You visited 1 branch of the dungeon, and saw 5 of its levels.
You visited the Abyss 1 time.

You collected 317 gold pieces.

Inventory:

Hand Weapons
 a - a +1 mace
 r - a +0 flail
 v - a +0 scimitar of slicing (weapon)
Armour
 b - a +0 leather armour (worn)
 w - a +0 cloak (worn)
Jewellery
 n - a ring of resist corrosion (left hand)
Wands
 x - a wand of random effects (13/48)
 y - a wand of random effects (21/48)
Scrolls
 d - 2 scrolls of identify {unknown}
 e - a scroll of immolation {unknown}
 f - 2 scrolls of noise {unknown}
 j - a scroll of recharging {unknown}
 k - 3 scrolls of remove curse
 m - a scroll of enchant weapon {unknown}
 p - 2 scrolls of teleportation {unknown}
 s - a scroll of magic mapping {unknown}
 t - a scroll of enchant armour {unknown}
 z - a scroll of fog {unknown}
Potions
 g - 2 potions of cancellation {unknown}
 i - 4 potions of curing
 l - 2 potions of haste {unknown}
 o - a potion of brilliance {unknown}
 q - 2 potions of might {unknown}
 A - a potion of degeneration {unknown}
Comestibles
 c - 2 bread rations
 h - a royal jelly
 u - 2 fruits


   Skills:
 - Level 5.0 Fighting
 - Level 6.1 Maces & Flails
 - Level 2.1 Armour
 - Level 0.8 Dodging
 + Level 2.1 Invocations


You had 6 spell levels left.
You didn't know any spells.

Dungeon Overview and Level Annotations

Branches:
Dungeon (5/15)
 Temple: D:4-7

Altars:


Innate Abilities, Weirdness & Mutations

You cannot be hasted, slowed, berserked, paralysed or teleported.
You can dig through walls and to a lower floor.
Your four strong arms can wield two-handed weapons with a shield.
You have a pair of large antennae on your head. (SInv)


Message History

You closely miss the sky beast.
The sky beast is severely wounded.
The sky beast hits you. The sky beast shocks you.
* * * LOW HITPOINT WARNING * * *
You closely miss the sky beast.
The sky beast is severely wounded.
The sky beast hits you but does no damage. x2
You miss the sky beast.
The sky beast is severely wounded.
The sky beast flickers out of sight for a moment.
The sky beast hits you.
* * * LOW HITPOINT WARNING * * *
The sky beast shocks you.
* * * LOW HITPOINT WARNING * * *
You hit the sky beast.
The sky beast is almost dead.
The sky beast hits you.
* * * LOW HITPOINT WARNING * * *
The sky beast shocks you.
You die...

# #.### .##.#####....
#####+#####.##........##
............#########.##
#...........# #.##
#!..........# #.##
#...........# #.##
####..Y...?.# #.##
#..@.....# #.#.
######...#.... {..
#........# ... ##.
#......### .. .#
##......# ... ..
#.......# ..%.
#.......###....
##..........?...
..................


You could see a sky beast (invisible).

Vanquished Creatures
  2 orc priests
  2 orc wizards
  An iguana (D:5)
  2 worker ants (D:4)
  3 gnolls (D:3)
  7 adders
  An ooze (D:3)
  2 worms (D:3)
  2 dart slugs
  3 leopard geckos
  9 orcs
  4 giant cockroaches
  6 goblins
  9 hobgoblins
  8 jackals
  6 kobolds
  A quokka (D:4)
  2 ball pythons
  4 bats
  10 frilled lizards
  8 rats
92 creatures vanquished.

Notes
Turn   | Place    | Note
-------+----------+-------------------------------------------
     0 | Abyss:1  | miragecloak the Formicid Abyssal Knight began the quest for the Orb.
     0 | Abyss:1  | Reached XP level 1. HP: 18/18 MP: 2/2
    47 | D:1      | Escaped the Abyss
   628 | D:1      | Reached XP level 2. HP: 10/24 MP: 3/3
   844 | D:1      | Reached * piety under Lugonu
   885 | D:1      | Reached skill level 3 in Maces & Flails
  1414 | D:1      | Reached XP level 3. HP: 29/29 MP: 4/4
  1797 | D:2      | Reached skill level 4 in Maces & Flails
  1797 | D:2      | Reached XP level 4. HP: 9/35 MP: 5/5
  2217 | D:2      | Reached ** piety under Lugonu
  2531 | D:3      | Reached XP level 5. HP: 19/41 MP: 6/6
  2533 | D:3      | Reached skill level 5 in Maces & Flails
  3434 | D:3      | Found a faded altar of an unknown god.
  4134 | D:4      | Reached XP level 6. HP: 12/47 MP: 7/7
  4435 | D:3      | Reached skill level 6 in Maces & Flails
  5330 | D:4      | Noticed an ogre
  6208 | D:5      | Entered Level 5 of the Dungeon
  6221 | D:5      | Reached XP level 7. HP: 39/55 MP: 8/8
  6412 | D:5      | Reached skill level 5 in Fighting
  6697 | D:5      | HP: 2/56 [sky beast (2)]
  6697 | D:5      | Slain by a sky beast

Skill      XL: |  1  2  3  4  5  6  7 |
---------------+----------------------+-----
Maces & Flails | 3 4 5 6 |  6.1
Fighting       | 4 5 |  5.0
Armour         | |  2.1
Dodging        | |  0.8
Invocations    | |  2.1

Action                   |  1- 3 |  4- 6 |  7- 9 || total
-------------------------+-------+-------+-------++-------
Melee: Mace              |    96 |    32 |       ||   128
       Flail             |       |    51 |       ||    51
       Scimitar          |       |   104 |    24 ||   128
Invok: Depart the Abyss  |     1 |       |       ||     1
  Use: Scroll            |       |     1 |       ||     1
       Potion            |       |     1 |       ||     1
  Eat: Chunk             |     2 |    10 |     2 ||    14
       Bread ration      |       |     1 |       ||     1
Armor: Leather armour    |    27 |    39 |     8 ||    74
Dodge: Dodged            |    86 |   124 |     8 ||   218
       Rpst.: Scimitar   |       |    18 |     3 ||    21
